Map: New Gettysburg LE

Players

Fropez - Winner!

  • Race: Protoss Protoss
  • League: Gold
  • Spawn Location: 7:00

jeye

  • Race: Zerg Zerg
  • League: Gold
  • Spawn Location: 5:00

VOD

Have the link to the VOD?

Description

Time

  • Played on: Sept. 12, 2016, 5:34 p.m.
  • Length: 23:30
Show
View Real Time Build Order
Export as new Build Order

Fropez Protoss - Winner!

Build Orders: 1 Gate Expand 

Get SALT Encoding   

  12  0:02  Probe (Chrono Boost)  
  13  0:23  Pylon  
  13  0:44  Gateway  
  13  0:46  Probe (Chrono Boost)  
  14  0:56  Probe (Chrono Boost)  
  15  1:13  Nexus  
  15  1:25  Probe (Chrono Boost)  
  16  1:33  Pylon  
  16  1:35  Probe (Chrono Boost)  
  17  1:46  Probe (Chrono Boost)  
  18  2:03  Cybernetics Core  
  18  2:06  Pylon, Assimilator  
  18  2:07  Probe (Chrono Boost)  
  19  2:17  Probe (Chrono Boost)  
  20  2:28  Probe x2 (Chrono Boost)  
  22  2:38  Probe (Chrono Boost)  
  22  2:41  Adept, Assimilator  
  22  2:43  Probe (Chrono Boost)  
  26  2:48  Pylon  
  26  2:51  Probe (Chrono Boost)  
  28  2:58  Probe (Chrono Boost)  
  28  3:12  Gateway  
  28  3:13  Probe (Chrono Boost)  
  28  3:14  Pylon  
  28  3:17  Probe (Chrono Boost)  
  30  3:24  Warp Gate (Chrono Boost), Mothership Core  
  32  3:33  Assimilator  
  32  3:34  Adept, Probe  
  32  3:35  Assimilator  
  35  3:42  Gateway  
  35  3:44  Pylon  
  35  3:58  Gateway  
  35  4:02  Probe  
  36  4:07  Adept x2  
  40  4:20  Twilight Council  
  40  4:21  Probe  
  40  4:23  Probe  
  41  4:25  Gateway  
  41  4:29  Adept  
  44  4:35  Adept  
  46  4:41  Adept  
  46  4:45  Probe x2  
  50  5:00  Pylon  
  50  5:03  Pylon  
  50  5:23  Pylon  
  50  5:27  Adept x3, Probe  
  57  5:28  Probe  
  58  5:37  Probe  
  58  5:40  Probe  
  60  5:48  Probe  
  61  5:51  Gateway  
  61  5:52  Probe  
  61  5:55  Gateway  
  62  5:57  Resonating Glaives (Chrono Boost)  
  62  5:58  Probe  
  63  6:04  Probe  
  63  6:05  Dark Shrine  
  63  6:09  Probe  
  65  6:17  Probe  
  61  6:20  Adept x2  
  61  6:21  Adept x2  
  69  6:29  Probe  
  69  6:30  Probe  
  65  6:39  Forge  
  65  6:45  Probe  
  66  6:49  Pylon  
  66  6:52  Adept x5  
  76  7:14  Protoss Ground Weapons Level 1 (Chrono Boost)  
  76  7:18  Dark Templar x2  
  76  7:20  Robotics Facility x2  
  76  7:54  Dark Templar  
  76  7:55  Dark Templar x6  
  86  8:07  Immortal (Chrono Boost)  
  86  8:08  Immortal (Chrono Boost)  
  94  9:05  Immortal (Chrono Boost), Protoss Ground Weapons Level 2  
  94  9:06  Immortal (Chrono Boost)  
  102  9:13  Pylon  
  102  9:17  Pylon  
  102  9:18  Pylon  
  102  9:27  Pylon  
  102  9:32  Pylon  
  102  9:49  Nexus  
  102  9:51  Adept x3  
  102  9:52  Adept x3  
  102  9:53  Assimilator  
  102  9:56  Probe x2  
  102  9:57  Assimilator  
  104  10:00  Pylon  
  104  10:01  Pylon  
  104  10:18  Observer x2 (Chrono Boost)  
  104  10:21  Dark Templar x5  
  108  10:22  Dark Templar x2  
  120  10:48  Immortal x2 (Chrono Boost)  
  128  11:02  Adept x5  
  128  11:03  Adept x2  
  114  11:42  Probe  
  114  11:43  Probe  
  114  11:44  Probe  
  109  11:59  Gateway  
  109  12:00  Gateway  
  109  12:01  Gateway  
  109  12:04  Gateway  
  109  12:05  Charge (Chrono Boost)  
  109  12:07  Stalker  
  111  12:09  Stalker  
  111  12:11  Protoss Ground Weapons Level 3  
  111  12:13  Immortal (Chrono Boost)  
  117  12:34  Observer (Chrono Boost)  
  117  12:36  Stalker  
  117  12:37  Stalker x5  
  130  12:45  Observer  
  131  13:03  Probe  
  131  13:04  Probe  
  133  13:05  Pylon  
  133  13:21  Nexus  
  133  13:25  Assimilator  
  133  13:27  Assimilator  
  133  13:30  Pylon  
  133  13:38  Warp Prism  
  133  13:40  Blink (Chrono Boost)  
  133  13:43  Warp Prism  
  137  14:08  Probe x2  
  139  14:16  Photon Cannon  
  139  14:19  Pylon  
  139  14:27  Photon Cannon  
  139  14:33  Photon Cannon  
  139  14:36  Immortal  
  139  14:37  Pylon  
  139  14:40  Pylon  
  139  14:41  Immortal  
  146  14:52  Photon Cannon  
  146  14:54  Photon Cannon  
  146  15:08  Templar Archives  
  146  15:09  Sentry x3  
  146  15:10  Sentry x5  
  162  15:20  Zealot x3  
  168  16:00  Stalker x3  
  168  16:01  Stalker x7  
  168  16:02  Stalker  
  190  16:24  High Templar x5  
  200  16:29  Archon x2  
  194  16:49  Zealot x4  
  194  16:50  Zealot  
  154  17:25  Dark Templar x2  
  154  17:26  Dark Templar x6  
  124  17:58  Zealot  
  124  17:59  Zealot x6  
  124  18:00  Zealot x4  
  136  18:23  Zealot x6  
  136  18:24  Zealot x2  
  152  18:29  Probe  
  152  18:30  Probe  
  152  18:31  Probe  
  143  18:41  Assimilator  
  143  18:43  Assimilator  
  127  18:58  High Templar x3  
  127  18:59  High Templar x4  
  139  19:24  Nexus  
  139  19:26  Assimilator  
  139  19:31  Assimilator  
  139  19:34  Pylon  
  139  19:35  Pylon  
  139  19:49  Archon x3  
  139  19:58  Observer, Archon  
  139  20:01  Observer  
  139  20:07  Protoss Ground Armor Level 1 (Chrono Boost)  
  141  20:17  Observer  
  136  20:22  Observer  
  136  20:27  Zealot x6  
  136  20:28  Zealot x5  
  159  20:57  Stalker x5  
  159  20:58  Stalker  
  179  21:07  Stalker x3  
  179  21:08  Stalker x2  
  165  21:21  Stalker x5  
  165  21:22  Stalker  
  167  21:31  Dark Templar x3  
  161  21:43  Dark Templar  
  163  21:58  Dark Templar x2  
  156  22:33  Pylon x2  
  156  22:37  Pylon  
  156  22:38  Nexus  
  156  22:39  Pylon  
  156  22:40  Assimilator  
  156  22:41  Pylon  
  156  22:43  Pylon  
  148  22:44  Pylon, Assimilator  
  148  22:45  Pylon  
  148  22:47  Pylon  
  148  22:48  Pylon  
  136  23:00  Pylon  
  136  23:01  Pylon  
  136  23:12  Dark Templar x5  
  144  23:15  Nexus  
Show
View Real Time Build Order
Export as new Build Order

jeye Zerg 

Build Orders: Pool First, Lurkers 

Get SALT Encoding   

  12  0:02  Drone  
  13  0:13  Drone  
  14  0:20  Extractor, Drone  
  14  0:21  Extractor  
  14  0:24  Drone  
  16  0:37  Spawning Pool  
  15  0:44  Overlord  
  15  1:07  Extractor  
  14  1:19  Drone  
  14  1:20  Hatchery  
  14  1:28  Queen  
  16  1:40  Drone x2  
  16  1:44  Drone  
  16  1:46  Extractor  
  18  1:54  Overlord  
  18  2:17  Drone x2  
  20  2:28  Overlord  
  20  2:38  Zergling x4  
  20  2:41  Queen  
  20  2:44  Drone  
  25  2:54  Zergling x2  
  26  3:01  Drone x4  
  30  3:16  Queen  
  30  3:18  Drone  
  33  3:57  Drone x3  
  33  4:02  Hatchery  
  35  4:05  Metabolic Boost  
  35  4:08  Drone x3  
  35  4:09  Drone  
  39  4:20  Pneumatized Carapace  
  39  4:29  Drone  
  40  4:46  Queen  
  40  4:47  Zergling x2  
  40  4:48  Zergling x2  
  40  4:49  Overlord x2  
  44  5:04  Lair  
  41  5:22  Zergling x6  
  41  5:23  Zergling x18  
  53  5:32  Overlord  
  55  5:48  Spine Crawler  
  52  5:50  Drone x4  
  56  6:04  Evolution Chamber  
  48  6:33  Zergling x6  
  48  6:34  Zergling x6  
  54  6:43  Drone x3  
  57  6:48  Overseer  
  57  6:49  Hydralisk Den  
  56  6:55  Extractor, Drone  
  56  6:56  Drone x2  
  58  7:01  Zerg Ground Armor Level 1  
  58  7:03  Overlord  
  58  7:04  Overseer  
  58  7:09  Drone x2  
  60  7:16  Overlord  
  60  7:19  Lurker Den  
  57  7:28  Zergling x8  
  57  7:29  Zergling x4  
  55  7:38  Zergling x6  
  55  7:39  Zergling x10  
  58  7:55  Hydralisk x2  
  60  8:11  Drone  
  60  8:12  Drone x2  
  63  8:23  Hydralisk x5  
  63  8:24  Hydralisk  
  63  8:26  Queen  
  77  8:31  Overlord x2  
  77  8:56  Hydralisk  
  77  8:57  Evolution Chamber, Hydralisk x4  
  77  9:02  Queen  
  88  9:04  Lurker  
  88  9:09  Extractor  
  88  9:10  Extractor, Drone x2  
  88  9:11  Extractor, Drone  
  89  9:23  Infestation Pit  
  89  9:24  Zerg Ground Armor Level 2, Zerg Missile Weapons Level 1  
  88  9:27  Drone x3  
  91  9:41  Hydralisk x2  
  89  9:57  Hydralisk x2  
  89  9:58  Hydralisk x2  
  93  10:06  Drone x2  
  95  10:08  Lurker x2  
  95  10:09  Overlord  
  95  10:11  Overseer  
  93  10:44  Overseer  
  93  10:54  Overseer  
  80  11:32  Hydralisk x3  
  76  11:33  Hydralisk x6  
  86  11:42  Drone x3  
  86  11:44  Drone x3  
  86  11:45  Drone x3  
  95  11:49  Lurker x2  
  95  11:53  Pathogen Glands  
  97  11:54  Overseer  
  97  12:09  Drone  
  98  12:28  Hatchery  
  95  12:46  Overlord x2  
  95  12:47  Extractor  
  95  12:50  Overseer  
  94  12:55  Hive  
  94  12:58  Nydus Network  
  93  13:06  Zergling x4  
  93  13:07  Zergling x4  
  93  13:08  Zergling x2  
  98  13:13  Zerg Missile Weapons Level 2  
  98  13:23  Overseer  
  98  13:26  Drone x4  
  102  13:27  Overlord  
  102  13:30  Drone  
  103  13:35  Extractor  
  102  13:51  Infestor x5  
  112  13:56  Drone  
  112  14:00  Overlord  
  112  14:01  Overlord  
  113  14:22  Spore Crawler  
  112  14:38  Burrow  
  112  14:59  Drone  
  114  15:00  Drone x2  
  115  15:10  Nydus Canal  
  115  15:24  Nydus Canal  
  115  16:01  Extractor, Hatchery  
  115  16:02  Extractor  
  112  16:47  Lurker x5  
  114  16:48  Lurker  
  99  17:15  Infestor x5  
  66  17:44  Hydralisk x4  
  66  17:45  Hydralisk x5  
  66  17:49  Overseer  
  69  18:36  Drone x10  
  69  18:44  Hydralisk Den  
  69  18:45  Hydralisk x3  
  66  18:59  Hatchery  
  63  19:30  Lurker Den  
  63  19:48  Overseer  
  61  20:16  Nydus Canal  
  61  20:22  Hydralisk  
  61  20:23  Hydralisk x11  
  61  20:24  Hydralisk x6  
  95  20:57  Hydralisk x8  
  95  20:58  Hydralisk  
  95  21:03  Lurker x3  
  73  21:37  Infestor x2  
  54  22:10  Hydralisk x3  
  54  22:11  Hydralisk x10  
  54  22:29  Nydus Canal  
  36  22:41  Hydralisk x4  
  28  22:58  Lurker x3  
Tags
 
Composition
Lurkers
League
GoldGold
Matchup
PvZ
Replay Pack
All Mines
Spawn Locations
Close Positions
Add a new tag
Caveats
  • Supply blocks, unpowered buildings, or Contaminate may cause inaccurate times.
  • Supply counts are checked every 10 seconds.